 Dungeon Crawl Stone Soup version 0.17-a0-1446-gc28613e (webtiles) character file.

345 pulse the Cleaver (level 6, -8/50 HPs)
             Began as a Hill Orc Warper on June 28, 2015.
             Was a Follower of Zin.
             Killed from afar by an orc wizard (9 damage)
             ... with a magic dart
             ... on level 4 of the Dungeon.
             The game lasted 00:15:49 (4213 turns).

pulse the Cleaver (Hill Orc Warper)                 Turns: 4213, Time: 00:15:49

Health: -8/50      AC:  8    Str: 16    XL:     6   Next: 58%
Magic:  8/8        EV: 16    Int: 21    God:    Zin [*.....]
Gold:   92         SH:  0    Dex: 15    Spells: 3 memorised, 2 levels left

rFire  . . .     SeeInvis .     a - +1 hand axe
rCold  . . .     Clarity  .     l - +0 ring mail
rNeg   . . .     SustAt   .     (no shield)
rPois  .         Gourm    .     w - +1 helmet
rElec  .         Spirit   .     k - +0 cloak
rCorr  .         Warding  .     (no gloves)
rMut   .         Rnd*Tele +     (no boots)
MR     .....                    (no amulet)
Stlth  ++........               m - +3 ring of intelligence
                                f - ring of teleportation (curse)

@: brilliant, agile, lethally poisoned (-8 -> -9), very slightly contaminated,
starving, not resistant to hostile enchantments, unstealthy
A: no striking features
a: Recite, Renounce Religion, Evoke Teleportation


You were on level 4 of the Dungeon.
You worshipped Zin.
Zin was aware of your devotion.
You were starving.

You visited 1 branch of the dungeon, and saw 4 of its levels.

You collected 163 gold pieces.
You donated 71 gold pieces to Zin.

Inventory:

Hand weapons
 a - a +1 hand axe (weapon)
Armour
 b - a +0 chain mail
 k - a +0 cloak (worn)
 l - a +0 ring mail (worn)
 w - a +1 helmet (worn)
Jewellery
 f - a cursed ring of teleportation (left hand)
 m - a +3 ring of intelligence (right hand)
Scrolls
 i - a scroll of remove curse
 s - a scroll of enchant weapon
Potions
 n - 3 potions of flight
 u - a potion of resistance {unknown}
 v - a potion of brilliance
Books
 c - a book of Spatial Translocations

   Spells                             Type                      Level
   a - Apportation                    Translocation                1
   b - Blink                          Translocation                2
   c - Shroud of Golubria             Charms/Translocation         2
   d - Portal Projectile              Translocation                3
   e - Teleport Other                 Translocation                3
   f - Passage of Golubria            Translocation                4
Comestibles
 q - 2 meat rations


   Skills:
 - Level 2.4 Fighting
 * Level 8.0 Axes
 - Level 1.0 Throwing
 - Level 1.1 Armour
 - Level 1.5 Dodging
 + Level 0.3 Stealth
 - Level 1.8 Spellcasting
 + Level 3.2 Translocations


You had 2 spell levels left.
You knew the following spells:

 Your Spells              Type           Power        Failure   Level  Hunger
a - Apportation           Tloc           ####......   1%          1    #......
b - Blink                 Tloc           N/A          1%          2    ###....
c - Teleport Other        Tloc           ####....     3%          3    ###....


Dungeon Overview and Level Annotations

Branches:
Dungeon (4/15)
 Temple: D:4-7

Altars:
Qazlal
Zin


Message History

A puff of flame appears from out of thin air!
The puff of flame misses you.
You are suddenly yanked towards a nearby monster!
Your surroundings suddenly seem different.
You feel sick.
You feel sick.
You feel sick.
You flicker back into view.
Found a dented beryl amulet.
Found a scroll of enchant armour.
You feel sick. Something hits you.
* * * LOW HITPOINT WARNING * * *
Found a club.
* * * LOW HITPOINT WARNING * * *
You feel sick.
Unknown command.
It was a potion of magic.
Magic courses through your body.
A magic dart appears from out of thin air!
The magic dart hits you!
You die...

..# #.>.....##......#....
..# #........#.#...#...##
...# ......##.............
.......###...##......##....
......# #.......##.........
...#....... #..............
.......... ##..##{.....##.
..#..###.. #.............
..#..# #..@##."......
#......#....?..
.....##.#.###..... ..##
#.#.# ..... . ...). .....
##. ## .. . .#


There were no monsters in sight!

Vanquished Creatures
  The ghost of comborobin the Magician, an average VSSk (D:3)
  An orc wizard (D:3)
  A worker ant (D:4)
  3 gnolls
  Robin (D:3)
  5 adders
  An ooze (D:1)
  A worm (D:2)
  2 giant geckos
  9 orcs
  11 bats
  A bat skeleton (D:4)
  7 hobgoblins
  13 jackals
  A ball python (D:2)
  5 giant cockroaches
  2 giant newts (D:2)
  20 goblins
  5 kobolds
  3 rats
93 creatures vanquished.

Notes
Turn   | Place    | Note
--------------------------------------------------------------
     0 | D:1      | pulse the Hill Orc Warper began the quest for the Orb.
     0 | D:1      | Reached XP level 1. HP: 18/18 MP: 3/3
   164 | D:1      | Reached skill level 3 in Axes
   203 | D:1      | Reached XP level 2. HP: 25/25 MP: 4/4
   665 | D:2      | Reached skill level 4 in Axes
   665 | D:2      | Reached XP level 3. HP: 25/30 MP: 5/5
   918 | D:2      | Found a glowing silver altar of Zin.
   977 | D:2      | Became a worshipper of Zin the Law-Giver
  1087 | D:2      | Found a stormy altar of Qazlal.
  1088 | D:2      | Noticed a fire elemental
  1090 | D:2      | Noticed an earth elemental
  1090 | D:2      | Noticed a water elemental
  1090 | D:2      | Noticed an air elemental
  1134 | D:2      | Acquired Zin's first power
  1175 | D:2      | Reached XP level 4. HP: 37/37 MP: 6/6
  1272 | D:2      | Reached skill level 5 in Axes
  1462 | D:3      | Noticed comborobin's ghost (average VSSk)
  1484 | D:3      | Killed comborobin's ghost
  1484 | D:3      | Reached skill level 6 in Axes
  1484 | D:3      | Reached XP level 5. HP: 10/42 MP: 7/7
  1813 | D:3      | Learned a level 2 spell: Blink
  2559 | D:3      | Learned a level 3 spell: Teleport Other
  2929 | D:3      | Reached skill level 7 in Axes
  2929 | D:3      | Reached XP level 6. HP: 42/50 MP: 8/8
  3337 | D:2      | Donated 55 gold pieces to Zin
  3441 | D:3      | Noticed Robin
  3504 | D:3      | Killed Robin
  3693 | D:4      | Acquired Zin's second power
  4179 | D:4      | Reached skill level 8 in Axes
  4185 | D:4      | HP: 2/50 [poisoned by a worker ant]
  4208 | D:4      | HP: 1/50 [something (3)]
  4213 | D:4      | Killed from afar by an orc wizard

Vault maps used:
D:1:      matt_arrival_refuge
D:2:      lemuel_coloured_pillars_altar, nicolae_qazlal_style_of_elements
D:3:      kennysheep_goblin_castle
D:4:      temple_doors_e, first_bread

Action                   |  1- 3 |  4- 6 || total
-------------------------+-------+-------++-------
Melee: Hand axe          |   114 |   257 ||   371
Throw: Tomahawk          |       |     5 ||     5
 Cast: Blink             |       |     2 ||     2
  Use: Scroll            |       |    11 ||    11
       Potion            |       |     8 ||     8
 Stab: Invisible         |       |     1 ||     1
  Eat: Chunk             |     1 |     2 ||     3
       Bread ration      |       |     1 ||     1
       Beef jerky        |       |     1 ||     1
